 Dungeon Crawl Stone Soup version 0.29-a0-375-g5102b3be25 (webtiles) character file.

Game seed: 10514525218029924494

390 bastard the Spear-Bearer (level 6, -1/44 HPs)
             Began as a Merfolk Gladiator on May 3, 2022.
             Slain by a shadow (4 damage)
             ... on level 5 of the Dungeon.
             The game lasted 00:05:41 (5267 turns).

bastard the Spear-Bearer (Merfolk Gladiator)        Turns: 5267, Time: 00:05:41

Health: -1/44      AC:  7    Str: 13 (14) XL:     6   Next: 80%
Magic:  6/6        EV: 13    Int:  5 (8)  God:
Gold:   244        SH:  0    Dex: 16 (17) Spells: 5/5 levels left

rFire   . . .      SeeInvis .   a - +0 trident (freeze)
rCold   . . .      Faith    .   (no shield)
rNeg    . . .      Spirit   .   b - +0 leather armour
rPois   .          Reflect  .   c - +0 helmet
rElec   .          Harm     .   y - +0 cloak
rCorr   .          Rampage  .   u - +0 pair of gloves
Will    .....                   l - +0 pair of boots
Stlth   +.........              (no amulet)
HPRegen 0.14/turn               (no ring)
MPRegen 0.10/turn               (no ring)

@: no status effects
A: (nimble swimmer 2), mertail
a: no special abilities


You were on level 5 of the Dungeon.
You visited 1 branch of the dungeon, and saw 5 of its levels.

You collected 244 gold pieces.

Inventory:

Hand Weapons
 a - a +0 trident of freezing (weapon)
Missiles
 d - 2 throwing nets (quivered)
 e - 3 javelins
Armour
 b - a +0 leather armour (worn)
 c - a +0 helmet (worn)
 l - a +0 pair of boots (worn)
 u - a +0 pair of gloves (worn)
 y - a +0 cloak (worn)
Jewellery
 j - a ring of willpower
 t - a ring of protection from cold
 w - an amulet of magic regeneration
Scrolls
 f - a scroll of amnesia
 g - 4 scrolls of identify
 k - a scroll of blinking
 m - a scroll of teleportation
Potions
 i - 2 potions of flight
 n - a potion of degeneration
 p - a potion of brilliance {unknown}
 s - a potion of heal wounds {unknown}
 x - a potion of invisibility {unknown}
 z - a potion of experience {unknown}
 A - a potion of cancellation {unknown}
 C - a potion of mutation {unknown}
 E - a potion of curing


   Skills:
 - Level 2.1 Fighting
 + Level 9.7 Polearms
 - Level 2.0 Throwing
 - Level 4.0 Dodging


You had 5 spell levels left.
You didn't know any spells.
Your spell library contained the following spells:

 Spells                   Type           Power      Damage    Failure   Level
 Magic Dart               Conj           0%         1d3       56%         1
 Searing Ray              Conj           0%         2d4       71%         2
 Fulminant Prism          Conj/Hex       0%         3d6       100%        4


Dungeon Overview and Level Annotations

Branches:
Dungeon (5/15)
 Temple: D:4-7

Altars:
Xom


Innate Abilities, Weirdness & Mutations

((You are very nimble when in or above water. (Stealth+, EV+, Speed+++)))
Your lower body shifts to a powerful aquatic tail in water.


Message History

You hit the adder. You freeze the adder.
The adder is heavily wounded.
The adder completely misses you.
You miss the adder.
The adder is heavily wounded.
The adder bites you but does no damage.
You hit the adder. You freeze the adder.
You kill the adder!
No target in view!
No target in view!
No target in view!
No target in view!
No target in view!
No target in view!
No target in view!
Found 15 stones.
A shadow comes into view.
The shadow slips into darkness.
The shadow flickers and vanishes!
Deactivating autopickup; reactivate with Ctrl-A.
There is a strange disturbance nearby!
No target in view!
Found a stone staircase leading down.
The shadow strikes at you from the darkness!
Ouch! That really hurt!
Reactivating autopickup.
The shadow slips into darkness.
The shadow flickers and vanishes!
Deactivating autopickup; reactivate with Ctrl-A.
Found a hunting sling.
Found a scroll of identify.
There is a stone staircase leading down here.
You puncture something!
The shadow strikes at you from the darkness!
* * * LOW HITPOINT WARNING * * *
Reactivating autopickup.
You closely miss the shadow.
The shadow is moderately damaged.
The shadow hits you.
You die...

#.............#....#
#.#####
##................##
#.....##
####................##
#####..#
≈≈≈#......#......)...###
###.# ..≈#.....
#.........####...##
..≈#...Y..
#.......#.........# ..≈#
#...# #......#....# ..≈#
..)##.#.###..#####....#
.)≈#
.......@W............##
..≈#
?..##.####.#.##..>...#.
..≈# # #....##.#.......
..≈# ...#..(..#....##.
..≈# ###...##.......#
..≈# #.####.##....# ≈≈≈#
#. #.###..## #### .. ...
..## #.... ..


You could see a shadow.

Vanquished Creatures
  An ogre (D:5)
  A phantom (D:4)
  A scorpion (D:4)
  2 orc wizards
  4 adders
  A white imp (D:5)
  A worm (D:3)
  2 dart slugs
  4 orcs
  4 ball pythons (D:1)
  6 bats
  12 endoplasms
  2 giant cockroaches
  5 goblins
  7 hobgoblins
  7 jackals
  A quokka (D:1)
  2 frilled lizards (D:1)
  6 kobolds
  A rat (D:2)
70 creatures vanquished.

Notes
Turn   | Place    | Note
-------+----------+-------------------------------------------
     0 | D:1      | bastard the Merfolk Gladiator began the quest for the Orb.
     0 | D:1      | Reached XP level 1. HP: 16/16 MP: 1/1
   269 | D:1      | Reached XP level 2. HP: 20/22 MP: 2/2
   490 | D:1      | Reached skill level 5 in Polearms
   720 | D:1      | Found a faded altar of an unknown god.
   742 | D:1      | Reached XP level 3. HP: 27/27 MP: 3/3
  1421 | D:2      | Found a shimmering altar of Xom.
  2021 | D:3      | Reached skill level 6 in Polearms
  2230 | D:3      | Reached XP level 4. HP: 31/33 MP: 4/4
  2769 | D:4      | Noticed a scorpion
  2784 | D:4      | Killed a scorpion
  2785 | D:4      | Reached skill level 7 in Polearms
  2785 | D:4      | Reached XP level 5. HP: 19/38 MP: 5/5
  3341 | D:4      | Noticed a phantom
  3366 | D:4      | Killed a phantom
  3367 | D:4      | Reached skill level 8 in Polearms
  3602 | D:3      | Reached XP level 6. HP: 11/44 MP: 6/6
  3956 | D:4      | Reached skill level 9 in Polearms
  4800 | D:5      | Entered Level 5 of the Dungeon
  5011 | D:5      | Noticed a sky beast
  5253 | D:5      | Noticed a shadow
  5266 | D:5      | HP: 2/44 [something (12)]
  5267 | D:5      | Slain by a shadow

Illustrated notes

Levels and vault maps discovered:
D:1:      dpeg_arrival_water_fire, layout_basic,
          hellmonk_ecumenical_altar_leap_of_faith
D:2:      layout_loops_corners, basic_altar, minmay_misc_feat_columns
D:3:      layout_basic, fountainhead, kennysheep_generic_room_3
D:4:      layout_layer_cave
D:5:      layout_rooms, kennysheep_donut, kennysheep_small_spiral,
          uniq_eustachio

Skill      XL: |  1  2  3  4  5  6 |
---------------+-------------------+-----
Polearms       | 5 6 7 8 9 |  9.7
Fighting       | |  2.1
Throwing       | |  2.0
Dodging        | |  4.0

Action                   |  1- 3 |  4- 6 || total
-------------------------+-------+-------++-------
Melee: Trident           |   118 |   137 ||   255
       Punch             |     1 |       ||     1
Throw: Throwing net      |       |     2 ||     2
  Use: Potion            |       |     3 ||     3
       Scroll            |       |    11 ||    11
 Stab: Sleeping          |     4 |       ||     4
       Held in net/web   |       |     1 ||     1
Armor: Leather armour    |    21 |    40 ||    61
Dodge: Dodged            |    61 |    49 ||   110

Table legend: (Time is in decaauts)
 A = Elapsed time spent in this place.
 B = Non-inter-level travel time spent in this place.
 C = Inter-level travel time spent in this place.
 D = Time resting spent in this place.
 E = Time spent auto-exploring this place.
 F = Levels seen in this place.
 G = Mean time per level.
                   A        B        C        D        E       F      G
               +--------+--------+--------+--------+--------+-----+--------+
         Total |   5243 |   5067 |    176 |      0 |   4409 |   5 | 1048.6 |
       Dungeon |   5243 |   5067 |    176 |      0 |   4409 |   5 | 1048.6 |
               +--------+--------+--------+--------+--------+-----+--------+

Top non-repeatable levels by time:
     D:4: 1890 daAuts
     D:3: 1197 daAuts
     D:1: 1028 daAuts
     D:2: 847 daAuts
     D:5: 280 daAuts
